 Dungeon Crawl Stone Soup version 0.27.1-2-g3b301248ec (webtiles) character file.

Game seed: 4244342393424198189

12329 pkoi the Grappler (level 11, 0/97 HPs)
             Began as a Troll Monk on Sept 27, 2021.
             Was a High Priest of Okawaru.
             Slain by an 11-headed hydra (13 damage)
             ... on level 3 of the Lair of Beasts.
             The game lasted 00:16:26 (9465 turns).

pkoi the Grappler (Troll Monk)                      Turns: 9465, Time: 00:16:26

Health: 0/97       AC: 17    Str: 24    XL:     11   Next: 61%
Magic:  6/13       EV: 13    Int:  6    God:    Okawaru [*****.]
Gold:   812        SH:  0    Dex: 14    Spells: 10/10 levels left

rFire    . . .     SeeInvis +     - Unarmed
rCold    + . .     Faith    .   (no shield)
rNeg     + . .     Spirit   .   M - +0 pearl dragon scales
rPois    +         Reflect  .   (helmet restricted)
rElec    .         Harm     .   F - +1 cloak {rPois}
rCorr    +         Rampage  .   (gloves unavailable)
Will     .....                  (boots unavailable)
Stlth    ++........             p - amulet of Yxunijupn {Regen+ rCorr Dex-4 SInv}
HPRegen  2.26/turn              y - ring of protection from cold
MPRegen  0.13/turn              I - +6 ring of dexterity

@: about to teleport, heroic, finesse-ful
A: large, unfitting armour, claws 3, regeneration 1, shaggy fur 1, tough skin 1
a: Renounce Religion, Heroism, Finesse


You were on level 3 of the Lair of Beasts.
You worshipped Okawaru.
Okawaru was extremely pleased with you.
You visited 3 branches of the dungeon, and saw 12 of its levels.
You also visited: Sewer and Ossuary.

You collected 1596 gold pieces.
You spent 784 gold pieces at shops.

Inventory:

Missiles
 g - 4 silver javelins (quivered)
 j - 53 poisoned darts
 m - 13 boomerangs of dispersal
 A - 14 javelins
 K - 3 boomerangs
Armour
 a - a +1 robe
 F - a +1 cloak of poison resistance (worn)
 M - +0 pearl dragon scales (worn)
Jewellery
 k - a ring of ice
 p - the amulet of Yxunijupn (around neck) {Regen+ rCorr Dex-4 SInv}
   (You acquired it on level 5 of the Dungeon)

   [amulet of regeneration]

   Dex:       It affects your dexterity (-4).
   SInv:      It lets you see invisible.
   Regen:     It increases your rate of health regeneration.
   rCorr:     It protects you from acid and corrosion.
 y - a ring of protection from cold (left claw)
 I - a +6 ring of dexterity (right claw)
 L - a +4 ring of evasion
Wands
 u - a wand of mindburst (15)
 v - a wand of acid (13)
 w - a wand of iceblast (11)
 C - a wand of digging (6)
 E - a wand of charming (13)
Scrolls
 l - 2 scrolls of enchant armour
 n - 2 scrolls of magic mapping
 q - a scroll of holy word
 r - a scroll of fog
 s - a scroll of fear
 z - a scroll of amnesia
 B - 4 scrolls of teleportation
 J - a scroll of silence {unknown}
 O - a scroll of enchant weapon
Potions
 b - 3 potions of cancellation
 c - 9 potions of curing
 d - a potion of ambrosia
 e - 4 potions of haste
 f - 3 potions of brilliance
 h - 6 potions of flight
 i - 7 potions of heal wounds
 o - 3 potions of lignification
 t - 3 potions of invisibility
 x - a potion of berserk rage
 D - a potion of resistance
 G - a potion of attraction
 H - 2 potions of magic
 N - a potion of degeneration {unknown}


   Skills:
 - Level 3.6(8.6) Fighting
 - Level 2.7(7.7) Throwing
 + Level 2.1(7.1) Armour
 - Level 8.5(13.5) Dodging
 - Level 1.0(6.0) Stealth
 + Level 14.0(19.0) Unarmed Combat
 + Level 4.2 Invocations


You had 10 spell levels left.
You didn't know any spells.
Your spell library contained the following spells:

 Spells                   Type           Power      Damage    Failure   Level
 Freeze                   Ice            0%         1d3       78%         1
 Corpse Rot               Necr/Air       N/A        N/A       89%         2
 Frozen Ramparts          Ice            0%         1d2       98%         3
 Animate Dead             Necr           0%         N/A       100%        4
 Dispel Undead            Necr           0%         3d6       100%        4
 Hailstorm                Conj/Ice       0%         3d3       100%        4
 Alistair's Intoxication  Tmut/Pois      0%         N/A       100%        5
 Blade Hands              Tmut           0%         N/A       100%        5
 Borgnjor's Vile Clutch   Necr/Erth      0%         N/A       100%        5
 Irradiate                Conj/Tmut      0%         3d13      100%        5
 Death Channel            Necr           0%         N/A       100%        6
 Eringya's Noxious Bog    Tmut/Pois      0%         N/A       100%        6
 Dragon Form              Tmut           0%         N/A       100%        7


Dungeon Overview and Level Annotations

Branches:
Dungeon (8/15)             Temple (1/1) D:4            Lair (3/6) D:8
  Swamp (0/4) Lair:2       Spider (0/4) Lair:3        Sewer (visited)
Ossuary (visited)

Altars:
Ashenzari
Cheibriados
Dithmenos
Elyvilon
Fedhas
Gozag
Hepliaklqana
Kikubaaqudgha
Makhleb
Nemelex Xobeh
Okawaru
Qazlal
Ru
Sif Muna
Trog
Uskayaw
Vehumet
Wu Jian
Xom
Yredelemnul
Zin
The Shining One

Shops:
D:5 ?

Annotations:
Lair:2 3 runed translucent doors, Cato's ghost, journeyman DECj
Lair:3 exclusion: oklob plant


Innate Abilities, Weirdness & Mutations

You are too large for most types of armour.
You have claws for hands.
Your natural rate of healing is unusually fast.
You are covered in fur. (AC +1)
You have tough skin. (AC +1)


Message History

The ten-headed hydra bites you. The ten-headed hydra bites you!
The ten-headed hydra misses you.
The ten-headed hydra closely misses you.
The ten-headed hydra bites you but does no damage. x3
The ten-headed hydra bites you.
* * * LOW HITPOINT WARNING * * *
You tear one of the ten-headed hydra's heads off!
The nine-headed hydra grows two more!
You mangle the 11-headed hydra!!
The 11-headed hydra is heavily wounded.
Unknown command.
Aiming: Corrosive Bolt
Press: ? - help, Shift-Dir - straight line, f - 11-headed hydra
Aim: an 11-headed hydra (heavily wounded, 90% to hit)
The bolt of acid misses the 11-headed hydra.
The 11-headed hydra bites you.
* * * LOW HITPOINT WARNING * * *
The 11-headed hydra bites you but does no damage.
The 11-headed hydra bites you!
* * * LOW HITPOINT WARNING * * *
The 11-headed hydra bites you but does no damage.
The 11-headed hydra bites you!
* * * LOW HITPOINT WARNING * * *
The 11-headed hydra bites you but does no damage. x2
The 11-headed hydra closely misses you. The 11-headed hydra bites you!
* * * LOW HITPOINT WARNING * * *
The 11-headed hydra bites you but does no damage.
The 11-headed hydra bites you.
* * * LOW HITPOINT WARNING * * *
Unknown command.
Okay, then.
Unknown command.
As you read the scroll of teleportation, it crumbles to dust.
You feel strangely unstable. The 11-headed hydra misses you. x2
The 11-headed hydra bites you.
* * * LOW HITPOINT WARNING * * *
The 11-headed hydra bites you but does no damage. x2
The 11-headed hydra closely misses you.
The 11-headed hydra bites you but does no damage.
The 11-headed hydra barely misses you. The 11-headed hydra bites you!
You die...

.....# #....+ ##P.# ..P#.# #.#.
##...# ..##.## ## ... ## # #...##
..P...# #.#... .. #. ##.######
P....## #.....#.# #..#..#.#.#.
..#...###.#.#.♣...# #...........
..#.P.....#.......# #.......#.#.
......#.#.#.....D.###............
^.........##....@##..........#.#.
^.....###..#..+#.##P.............
....########.....##...##.....#.#.
.....#.♣.#.....##.##.♣.##.###....
^.......................####...##
.^P##♣.>..+...♣...+..>.♣##...<.#
^^###.....#.......#.....##...###
^..##..♣..÷...###.#..♣.###..##
...###.♣####÷....######.##†##


You could see a 11-headed hydra.

Vanquished Creatures
  2 black mambas (Lair:2)
  A torpor snail (Lair:3)
  The ghost of LordPhoenix the Chopper, a novice DsAK of Lugonu (D:5)
  7 cane toads
  A rime drake (Lair:3)
  A komodo dragon (Lair:1)
  The ghost of babuloseo the Twirler, an amateur HuGl of Ru (D:4)
  Prince Ribbit (D:5)
  2 dream sheep (Lair:3)
  A wyvern (Lair:1)
  15 yaks
  2 vampire mosquitoes (Lair:2)
  8 water moccasins
  Menkaure (Ossuary)
  An ice beast (D:6)
  An orc warrior (D:7)
  A necrophage (D:6)
  2 ogres
  10 wolves (Lair:1)
  3 centaurs
  2 kobold brigands
  An elf zombie (Ossuary)
  6 bullfrogs
  A gnoll sergeant (D:6)
  2 scorpions (D:7)
  8 wights
  2 bullfrog zombies (D:4)
  2 hounds
  6 centaur zombies
  A jelly (D:5)
  3 centaur skeletons
  2 orc priests
  Crazy Yiuf (D:5)
  A gnoll shaman (D:4)
  A bullfrog skeleton (D:4)
  Ijyb (D:5)
  5 iguanas
  6 orc wizards
  2 ogre zombies (Ossuary)
  2 hound skeletons (D:5)
  6 mummies (Ossuary)
  9 gnolls
  15 adders
  4 river rats
  An ufetubus (D:6)
  2 adder zombies (Ossuary)
  2 adder skeletons (D:4)
  3 worms
  5 dart slugs
  23 orcs
  9 endoplasms
  4 giant cockroaches
  3 goblins
  5 hobgoblins
  8 jackals
  4 kobolds
  5 quokkas
  8 ball pythons
  4 bats
  2 frilled lizards
  6 goblin zombies (Ossuary)
  4 hobgoblin zombies (Ossuary)
  3 kobold zombies (Ossuary)
  An orc zombie (Ossuary)
  5 quokka zombies (Ossuary)
  9 rats
  3 rat zombies (Ossuary)
270 creatures vanquished.

Vanquished Creatures (others)
  16 fungi
  3 plants
19 creatures vanquished.

Grand Total: 289 creatures vanquished

Notes
Turn   | Place    | Note
-------+----------+-------------------------------------------
     0 | D:1      | pkoi the Troll Monk began the quest for the Orb.
     0 | D:1      | Reached XP level 1. HP: 22/22 MP: 0/0
   187 | D:1      | Reached XP level 2. HP: 29/29 MP: 1/1
   356 | D:1      | Found a faded altar of an unknown god.
   760 | D:2      | Reached skill level 4 in Unarmed Combat
   797 | D:2      | Reached XP level 3. HP: 36/36 MP: 2/2
  1163 | D:3      | Reached XP level 4. HP: 44/44 MP: 3/3
  1174 | D:3      | Reached skill level 5 in Unarmed Combat
  1323 | D:3      | Reached XP level 5. HP: 37/50 MP: 4/4
  1619 | D:3      | Found a glowing drain.
  1623 | Sewer    | Entered a sewer
  1628 | Sewer    | Reached skill level 6 in Unarmed Combat
  1699 | Sewer    | Reached XP level 6. HP: 59/59 MP: 5/5
  1713 | Sewer    | Found a white marble altar of Elyvilon.
  1957 | D:4      | Found a staircase to the Ecumenical Temple.
  1990 | D:4      | Found an ancient bone altar of Kikubaaqudgha.
  2026 | D:4      | Found an ornate altar of the Wu Jian Council.
  2277 | D:4      | Reached skill level 7 in Unarmed Combat
  2333 | D:4      | Reached XP level 7. HP: 62/66 MP: 6/6
  2430 | D:4      | Found a runed translucent gate.
  2430 | D:4      | Found a runed translucent gate.
  2430 | D:4      | Found a runed translucent gate.
  2432 | D:4      | Noticed babuloseo's ghost (amateur HuGl)
  2519 | D:4      | Found a hide-covered altar of Uskayaw.
  2742 | Temple   | Entered the Ecumenical Temple
  2890 | Temple   | Became a worshipper of Warmaster Okawaru
  2890 | Temple   | Reached * piety under Okawaru
  2890 | Temple   | Reached ** piety under Okawaru
  2988 | D:5      | Entered Level 5 of the Dungeon
  3001 | D:5      | Found Havebaz's Magic Scroll Shop.
  3007 | D:5      | Noticed Ijyb
  3013 | D:5      | Killed Ijyb
  3132 | D:5      | Found a large runed translucent door.
  3132 | D:5      | Found a large runed translucent door.
  3134 | D:5      | Noticed LordPhoenix's ghost (novice DsAK)
  3425 | D:5      | Noticed Prince Ribbit
  3433 | D:5      | Killed Prince Ribbit
  3434 | D:5      | Reached skill level 8 in Unarmed Combat
  3654 | D:5      | Found a runed translucent door.
  3655 | D:5      | Noticed Crazy Yiuf
  3829 | D:6      | Reached XP level 8. HP: 74/74 MP: 7/7
  3907 | D:6      | Reached skill level 9 in Unarmed Combat
  3928 | D:6      | Found a stormy altar of Qazlal.
  3928 | D:6      | Found a white marble altar of Elyvilon.
  3947 | D:6      | Reached skill level 5 in Dodging
  4460 | D:6      | Reached *** piety under Okawaru
  4602 | D:6      | Reached skill level 10 in Unarmed Combat
  4807 | D:7      | Reached XP level 9. HP: 76/80 MP: 8/8
  5009 | D:7      | Found a sand-covered staircase.
  5016 | Ossuary  | Entered an ossuary
  5076 | Ossuary  | Noticed Menkaure
  5081 | Ossuary  | Killed Menkaure
  5471 | D:7      | Found a snail-covered altar of Cheibriados.
  5600 | D:7      | Reached skill level 11 in Unarmed Combat
  5807 | D:7      | Reached **** piety under Okawaru
  6189 | D:8      | Identified a scroll of acquirement
  6189 | D:8      | Acquired 885 gold pieces
  6354 | D:8      | Reached skill level 12 in Unarmed Combat
  6366 | D:8      | Reached XP level 10. HP: 39/88 MP: 6/9
  6455 | D:8      | Found a staircase to the Lair.
  6666 | D:5      | Bought a scroll of acquirement for 728 gold pieces
  6666 | D:5      | Bought a scroll of fog for 28 gold pieces
  6666 | D:5      | Bought a scroll of identify for 28 gold pieces
  6666 | D:5      | Acquired the amulet of Yxunijupn {Regen+ rCorr Dex-4 SInv}
  6713 | D:5      | Killed LordPhoenix's ghost
  6797 | D:5      | Killed Crazy Yiuf
  6930 | D:4      | Killed babuloseo's ghost
  7086 | Lair:1   | Entered Level 1 of the Lair of Beasts
  7129 | D:8      | Reached ***** piety under Okawaru
  7154 | Lair:1   | Reached skill level 13 in Unarmed Combat
  7188 | Lair:1   | Noticed a cane toad
  7220 | Lair:1   | Reached skill level 1 in Throwing
  7220 | Lair:1   | Reached skill level 1 in Invocations
  7249 | Lair:1   | Killed a cane toad
  7372 | Lair:1   | Noticed a cane toad
  7390 | Lair:1   | Killed a cane toad
  7390 | Lair:1   | Received a gift from Okawaru
  7391 | Lair:1   | Reached XP level 11. HP: 97/97 MP: 8/11
  8038 | Lair:2   | Found a staircase to the Swamp.
  8303 | Lair:2   | Found a runed translucent gate.
  8310 | Lair:2   | Noticed Cato's ghost (journeyman DECj)
  8312 | Lair:2   | Found a runed translucent gate.
  8313 | Lair:2   | Found a runed translucent gate.
  8317 | Lair:2   | Found the +6 shillelagh "Devastator" {shatter}
  9057 | Lair:3   | Found a hole to the Spider Nest.
  9102 | Lair:3   | Noticed an oklob plant
  9301 | Lair:3   | Reached skill level 1 in Armour
  9413 | Lair:3   | Reached skill level 14 in Unarmed Combat
  9451 | Lair:3   | Noticed a seven-headed hydra
  9465 | Lair:3   | Slain by an 11-headed hydra

Illustrated notes

Levels and vault maps discovered:
D:1:      nagdon_arrival_double_spiral, layout_basic,
          dreamdust_ecumenical_altar_statues
D:2:      layout_rooms
D:3:      layout_rooms, lightli_sewer_entry_pipes, kennysheep_doodads,
          grunt_ministairs_15
D:4:      layout_basic, nicolae_uskayaw_suspiria,
          mainiacjoe_overflow_large_starburst, minmay_temple_entry_offerings,
          gammafunk_ghost_necromancy
D:5:      layout_basic, serial_shops, shop, ebering_ghost_disaster_area,
          uniq_ijyb, uniq_prince_ribbit1, uniq_crazy_yiuf_cottage
D:6:      layout_loops_corners, mainiacjoe_overflow_catch_the_wave
D:7:      layout_cave_pods, cheibrodos_worm_habitat,
          chequers_ossuary_entry_cave, minmay_misc_feat_chi,
          hellmonk_bongcloud_opening
D:8:      layout_loops_ring, lair_entry_dummy
Temple:   eino_temple_rhombus
Lair:1:   layout_misc_corridors, minmay_holes, st_stairs_12
Lair:2:   layout_layer_cave, minmay_swamp_entry_swarm, gammafunk_ghost_split,
          lemuel_fruit_tree, grunt_megastairs_3
Lair:3:   layout_roguey, spider_nest_entry_web_field, st_stairs_12,
          grunt_megastairs_1, serial_bayou_shore_b

Skill      XL: |  1  2  3  4  5  6  7  8  9 10 11 |
---------------+----------------------------------+-----
Unarmed Combat | 4 5 6 7 8 10 12 13 14 | 14.0
Dodging        | 3 4 5 7 8 |  8.5
Throwing       | 2 |  2.7
Invocations    | 2 4 |  4.2
Fighting       | 3 |  3.6
Armour         | 2 |  2.1
Stealth        | |  1.0

Action                   |  1- 3 |  4- 6 |  7- 9 | 10-12 || total
-------------------------+-------+-------+-------+-------++-------
Melee: Unarmed           |    86 |   164 |   331 |   282 ||   863
       Punch             |     1 |       |    16 |    16 ||    33
Invok: Heroism           |       |       |     3 |    10 ||    13
       Finesse           |       |       |       |     1 ||     1
Evoke: Wand              |       |       |       |     1 ||     1
  Use: Scroll            |       |     2 |    19 |     4 ||    25
 Stab: Sleeping          |     2 |     1 |     5 |       ||     8
Armor: Robe              |    26 |    43 |    89 |    46 ||   204
       Pearl dragon scal |       |       |       |    24 ||    24
Dodge: Dodged            |    36 |    70 |   158 |   170 ||   434
